 Dungeon Crawl Stone Soup version 0.26-a0-639-g72c4674329 (webtiles) character file.

Game seed: 6348665050446639499

111 Lanoc the Bolt Thrower (level 4, -3/40 HPs)
             Began as a Deep Dwarf Hunter on Sept 16, 2020.
             Hit by a boomerang thrown by an orc warrior (15 damage)
             ... on level 3 of the Dungeon.
             The game lasted 00:02:47 (983 turns).

Lanoc the Bolt Thrower (Deep Dwarf Hunter)           Turns: 983, Time: 00:02:47

Health: -3/40      AC:  3    Str: 21    XL:     4   Next: 62%
Magic:  3/3        EV: 13    Int: 12    God:
Gold:   126        SH:  0    Dex: 14    Spells: 3/3 levels left

rFire    . . .     SeeInvis .   a - +1 hand crossbow
rCold    . . .     Faith    .   (no shield)
rNeg     . . .     Spirit   .   c - +0 leather armour
rPois    .         Reflect  .   (no helmet)
rElec    .         Harm     .   (no cloak)
rCorr    .         Rampage  .   (no gloves)
MR       .....                  (no boots)
Stlth    ++........             h - amulet of magic regeneration
HPRegen  0.00/turn              n - +6 ring of strength
MPRegen  0.33/turn              (no ring)

@: non-regenerating
A: damage resistance, heal wounds, sense surroundings 1, no regeneration
a: Heal Wounds


You were on level 3 of the Dungeon.
You visited 1 branch of the dungeon, and saw 3 of its levels.

You collected 126 gold pieces.

Inventory:

Hand Weapons
 a - a +1 hand crossbow (weapon)
 b - a +3 trident
Missiles
 d - 16 bolts (quivered)
Armour
 c - a +0 leather armour (worn)
Jewellery
 h - an amulet of magic regeneration (around neck)
 n - a +6 ring of strength (left hand)
Scrolls
 e - 2 scrolls of fear {unknown}
 i - 3 scrolls of teleportation {unknown}
 j - 2 scrolls of enchant armour {unknown}
 k - 2 scrolls of identify {unknown}
 l - 3 scrolls of magic mapping {unknown}
 m - 2 scrolls of enchant weapon {unknown}
 p - 2 scrolls of remove curse {unknown}
 q - a scroll of random uselessness {unknown}
Potions
 g - a potion of haste
 o - a potion of cancellation


   Skills:
 + Level 2.6 Fighting
 * Level 5.6 Crossbows
 + Level 3.2 Dodging
 - Level 1.2 Stealth


You had 3 spell levels left.
You didn't know any spells.
Your spell library was empty.

Dungeon Overview and Level Annotations

Branches:
Dungeon (3/15)

Altars:
Vehumet


Innate Abilities, Weirdness & Mutations

You are resistant to damage.
You can heal yourself by infusing magical energy.
You passively map a small area around you.
You do not regenerate.


Message History

The orc warrior is almost dead.
The orc warrior throws a boomerang.
The boomerang hits you.
* * * LOW HITPOINT WARNING * * *
The weapon returns to the orc warrior!
Firing (i - inventory)
d - 18 bolts (quivered)
Press: ? - help, Shift-Dir - straight line, f/p - orc warrior
Aim: an orc warrior, wielding a +0 dire flail, wearing a cursed +0 chain mail and quivering 8 boomerangs (almost dead)
You shoot a bolt.
The bolt hits the orc warrior but does no damage.
The orc warrior is almost dead.
The orc warrior throws a boomerang.
The boomerang closely misses you.
The weapon returns to the orc warrior!
Firing (i - inventory)
d - 17 bolts (quivered)
Press: ? - help, Shift-Dir - straight line, f/p - orc warrior
Aim: an orc warrior, wielding a +0 dire flail, wearing a cursed +0 chain mail and quivering 8 boomerangs (almost dead)
You shoot a bolt. The bolt barely misses the orc warrior.
The bolt hits the orc.
The orc is severely wounded.
The orc warrior throws a boomerang.
The boomerang hits you!
You die...

._.# * * ....# , , , *
..#.### #.# , ,,, # *
..#...##..# , , .#*
...##....,.#.* * , ...
........ ..., ,...(, ..#*
..,,,#..* * ....#, ..# .#
#.#*#######....## , ..###.#
#.###.@[oog(((.).
####..#####.....####(.....#,
.....###.....#### #..#.....
....#....##.##### ..##..#..
................##.#... # .
, ..###...........#..... ,
..#*#...........#..#.##
..........>............
###..............##.###* ,


You could see an orc warrior, an orc and a goblin.

Vanquished Creatures
  An orc wizard (D:3)
  3 gnolls (D:3)
  An adder (D:2)
  An ooze (D:3)
  A dart slug (D:1)
  A leopard gecko (D:1)
  3 orcs (D:3)
  3 ball pythons
  2 giant cockroaches
  2 goblins
  2 hobgoblins
  6 kobolds
  3 bats
  4 frilled lizards
  6 rats
39 creatures vanquished.

Notes
Turn   | Place    | Note
-------+----------+-------------------------------------------
     0 | D:1      | Lanoc the Deep Dwarf Hunter began the quest for the Orb.
     0 | D:1      | Reached XP level 1. HP: 19/19 MP: 1/1
   154 | D:1      | Reached XP level 2. HP: 23/26 MP: 2/2
   327 | D:2      | Reached skill level 5 in Crossbows
   393 | D:2      | Reached XP level 3. HP: 23/32 MP: 3/3
   820 | D:3      | Reached XP level 4. HP: 20/40 MP: 4/4
   847 | D:3      | Found a radiant altar of Vehumet.
   964 | D:3      | Noticed an orc warrior
   983 | D:3      | Hit by a boomerang thrown by an orc warrior

Illustrated notes

Levels and vault maps discovered:
D:1:      minmay_arrival_split_and_join, layout_loops_ring,
          minmay_split_cup_large
D:2:      layout_rooms, minmay_cut_off
D:3:      layout_rooms, overflow_temple_1_default

Skill      XL: |  1  2  3 |
---------------+----------+-----
Fighting       | 2 |  2.6
Crossbows      | 5 |  5.6
Dodging        | 3 |  3.2
Stealth        | |  1.2

Action                   |  1- 3 |  4- 6 || total
-------------------------+-------+-------++-------
Melee: Trident           |    14 |     7 ||    21
 Fire: Hand crossbow     |    37 |    16 ||    53
Throw: Javelin           |    15 |     2 ||    17
 Abil: Heal Wounds       |       |     1 ||     1
  Use: Potion            |       |     3 ||     3
 Stab: Sleeping          |     2 |       ||     2
Armor: Leather armour    |     5 |     2 ||     7
Dodge: Dodged            |    16 |    12 ||    28

Table legend: (Time is in decaauts)
 A = Elapsed time spent in this place.
 B = Non-inter-level travel time spent in this place.
 C = Inter-level travel time spent in this place.
 D = Time resting spent in this place.
 E = Time spent auto-exploring this place.
 F = Levels seen in this place.
 G = Mean time per level.
                   A        B        C        D        E       F      G
               +--------+--------+--------+--------+--------+-----+--------+
         Total |   1003 |    970 |     33 |      0 |    737 |   3 |  334.3 |
       Dungeon |   1003 |    970 |     33 |      0 |    737 |   3 |  334.3 |
               +--------+--------+--------+--------+--------+-----+--------+

Top non-repeatable levels by time:
     D:2: 498 daAuts
     D:1: 320 daAuts
     D:3: 185 daAuts
